 Dungeon Crawl Stone Soup version 0.31.0-12-g77e489cdc1 (webtiles) character file.

Game seed: 17507235545127921062

1653 Ijustatesigmund the Fighter (level 9, -11/59 HPs)
             Began as a Gargoyle Fighter on Feb 22, 2024.
             Was a Believer of Vehumet.
             Killed from afar by Maurice (17 damage)
             ... with a bolt of dispelling energy
             ... on level 7 of the Dungeon.
             The game lasted 00:11:10 (7156 turns).

Ijustatesigmund the Fighter (Gargoyle Fighter)      Turns: 7156, Time: 00:11:11

Health: -11/59     AC: 19    Str: 25 (26) XL:     9   Next: 0%
Magic:  13/13      EV: 10    Int: 12 (13) God:    Vehumet [**....]
Gold:   0          SH:  4    Dex: 12      Spells: 13/14 levels left

rFire   . . .        e - +0 morningstar
rCold   . . .        c - +0 buckler
rNeg    + . .        a - +4 ring mail of Incorporation {rPois Dex+3}
rPois   ∞            (no helmet)
rElec   +            u - +0 cloak
rCorr   .            (no gloves)
SInv    .            (no boots)
Will    .....        (no amulet)
Stlth   +            o - +6 ring of strength
HPRegen 0.29/turn    (no ring)
MPRegen 0.13/turn

%: clarity
@: no status effects
A: sickness immunity, AC +6, negative energy resistance 1, electricity
resistance, torment resistance 1, petrification resistance, iridescent scales 1,
clarity, evolution 1, MP-powered wands
a: Renounce Religion


You were on level 7 of the Dungeon.
You worshipped Vehumet.
Vehumet was pleased with you.
You visited 2 branches of the dungeon, and saw 8 of its levels.

Inventory:

Hand Weapons
 e - a +0 morningstar (weapon)
Armour
 a - the +4 ring mail of Incorporation (worn) {rPois Dex+3}
   (You found it on level 3 of the Dungeon)

   Dex+3:     It affects your dexterity (+3).
   rPois:     It protects you from poison
 c - a +0 buckler (worn)
 u - a +0 cloak (worn)
Jewellery
 o - a +6 ring of strength (left hand)
Scrolls
 g - 2 scrolls of vulnerability {unknown}
 k - 2 scrolls of enchant armour {unknown}
 l - a scroll of teleportation
 m - a scroll of brand weapon {unknown}
 r - 2 scrolls of enchant weapon {unknown}
 w - 2 scrolls of fog {unknown}
 y - a scroll of revelation {unknown}
Potions
 f - a potion of cancellation {unknown}
 h - a potion of mutation
 j - a potion of resistance
 n - 2 potions of berserk rage {unknown}
 p - a potion of degeneration
 q - a potion of attraction
 v - 2 potions of magic {unknown}


   Skills:
 + Level 8.3 Fighting
 + Level 6.0 Maces & Flails
 - Level 3.6 Armour
 - Level 3.6 Shields
 - Level 3.1 Spellcasting
 + Level 4.9 Conjurations


You had 13 spell levels left.
You knew the following spells:

 Your Spells              Type           Power      Damage    Failure   Level
a - Magic Dart            Conj           52%        1d5       6%          1

Your spell library contained the following spells:

 Spells                   Type           Power      Damage    Failure   Level
 Sandblast                Erth           2%         2d4       41%         1
 Sting                    Conj/Alch      28%        1d4       16%         1
 Call Imp                 Summ           2%         N/A       54%         2
 Ensorcelled Hibernation  Hex/Ice        2%         N/A       54%         2
 Mercury Vapours          Alch/Air       2%         N/A       54%         2
 Fugue of the Fallen      Necr           1%         N/A       78%         3
 Ozocubu's Armour         Ice            1%         N/A       78%         3
 Passwall                 Erth           1%         N/A       78%         3
 Swiftness                Air            1%         N/A       78%         3
 Manifold Assault         Tloc           1%         N/A       99%         4
 Olgreb's Toxic Radiance  Alch           1%         N/A       99%         4
 Haunt                    Necr/Summ      0%         N/A       100%        7
 Summon Hydra             Summ           0%         N/A       100%        7
 Borgnjor's Revivificati  Necr           0%         N/A       100%        8
 Death's Door             Necr           0%         N/A       100%        9
 Sublimation of Blood     Necr           Unusable   N/A       N/A         2

Dungeon Overview and Level Annotations

Branches:
Dungeon (7/15)             Temple (1/1) D:4

Altars:
Ashenzari
Cheibriados
Elyvilon
Fedhas
Gozag
Hepliaklqana
Kikubaaqudgha
Makhleb
Nemelex Xobeh
Okawaru
Qazlal
Ru
Sif Muna
Trog
Uskayaw
Vehumet
Wu Jian
Xom
Yredelemnul
Zin
The Shining One

Shops:
D:4 =

Annotations:
D:7 Maurice


Innate Abilities, Weirdness & Mutations

You are immune to sickness and miasma.
Your stone body is resilient. (AC +6)
You are immune to poison.
You resist negative energy. (rN+)
You are resistant to electric shocks. (rElec)
You are resistant to unholy torment.
You are immune to petrification.
You are partially covered in iridescent scales. (AC +2)
You possess an exceptional clarity of mind.
You have hidden genetic potential.
You expend magic power (3 MP) to strengthen your wands.


Message History

You block the phantom's attack. The phantom attacks as it pursues you!
The phantom hits you but does no damage.
You impale the orc!!
You kill the orc!
Vehumet accepts your kill.
The phantom hits you but does no damage.
You closely miss the phantom.
The phantom hits you but does no damage.
Something hits you.
Something grunts, "Curses!"
Something bites you but does no damage.
You barely miss the phantom.
Maurice appears from thin air!
Reactivating autopickup.
You block the phantom's attack. You block Maurice's attack.
Maurice barely misses you. The phantom barely misses you.
You impale the phantom!!
The phantom is severely damaged.
Maurice hits you but does no damage. Maurice bites you but does no damage.
The phantom hits you but does no damage.
You barely miss Maurice.
Maurice is heavily wounded.
You block Maurice's attack. Maurice bites you but does no damage.
The phantom hits you but does no damage.
You hit Maurice.
Maurice is heavily wounded.
Maurice hits you but does no damage. Maurice bites you but does no damage.
The phantom hits you but does no damage.
You bludgeon Maurice!!
Maurice is almost dead.
Maurice hits you with a +0 long sword.
Maurice grunts, "Curses!"
Maurice bites you but does no damage. The phantom barely misses you.
Maurice zaps a wand.
The bolt of dispelling energy hits you!
* * * LOW HITPOINT WARNING * * *
The phantom hits you but does no damage.
You miss Maurice.
Maurice is almost dead.
Maurice zaps a wand.
The bolt of dispelling energy hits you!
You die...

#########......†........#..>.)).
...##......##......##....[..
...'.......##########....##.
..####'#### ... #...[##.
##..?...##.... #.......
#...†......... #.......
#.......##'#######.....).
#......W##......##.[..###
#......f@.............##.
##.................).....
#)......................
...........................
..##......##......##.......
#########......##.......
#...............
#............##.
#............##.


You could see Maurice and a phantom.

Vanquished Creatures
  An orc warrior (D:6)
  An ice beast (D:6)
  2 black bears
  A kobold brigand (D:6)
  A gnoll sergeant (D:6)
  3 bullfrogs (D:7)
  A scorpion (D:5)
  3 killer bees (D:6)
  A howler monkey (D:5)
  A bombardier beetle (D:7)
  A jelly (D:5)
  Crazy Yiuf (D:6)
  A gnoll bouda (D:5)
  An orc priest (D:6)
  4 hounds
  2 sleepcaps
  4 iguanas
  2 orc wizards
  Robin (D:3)
  5 adders
  6 gnolls
  2 shadow imps
  An ufetubus (D:6)
  3 dart slugs
  A ribbon worm (D:3)
  27 orcs
  3 ball pythons
  7 endoplasms
  3 giant cockroaches
  11 goblins
  10 hobgoblins
  2 jackals (D:4)
  8 kobolds
  5 quokkas
  4 bats
  A frilled lizard (D:2)
  4 rats
135 creatures vanquished.

Vanquished Creatures (others)
  An orc (D:7)
1 creature vanquished.

Grand Total: 136 creatures vanquished

Notes
Turn   | Place    | Note
-------+----------+-------------------------------------------
     0 | D:1      | Ijustatesigmund the Gargoyle Fighter began the quest for
                  | the Orb.
     0 | D:1      | Reached XP level 1. HP: 14/14 MP: 1/1
   204 | D:1      | Reached XP level 2. HP: 19/19 MP: 2/2
   504 | D:1      | Found a faded altar of an unknown god.
   662 | D:2      | Reached XP level 3. HP: 22/24 MP: 3/3
   898 | D:2      | Reached skill level 4 in Fighting
   898 | D:2      | Reached XP level 4. HP: 27/29 MP: 4/4
  1679 | D:3      | Identified the +4 ring mail of Incorporation {rPois Dex+3}
  1941 | D:3      | Noticed Robin
  1972 | D:3      | Killed Robin
  2053 | D:3      | Found a hazy altar of Hepliaklqana.
  2054 | D:3      | Found a sparkling altar of Nemelex Xobeh.
  2111 | D:4      | Found a staircase to the Ecumenical Temple.
  2122 | Temple   | Entered the Ecumenical Temple
  2145 | Temple   | Became a worshipper of Vehumet
  2176 | D:4      | Reached XP level 5. HP: 34/34 MP: 5/5
  2216 | D:4      | Found Purin's Jewellery Emporium.
  2216 | D:4      | Noticed a black bear
  2221 | D:4      | Killed a black bear
  2222 | D:4      | Reached skill level 5 in Maces & Flails
  2222 | D:4      | Reached XP level 6. HP: 40/40 MP: 6/6
  2666 | D:4      | Reached skill level 5 in Fighting
  2995 | D:5      | Entered Level 5 of the Dungeon
  3474 | D:5      | Reached XP level 7. HP: 45/45 MP: 7/7
  3523 | D:5      | Reached skill level 6 in Fighting
  3722 | D:5      | Reached * piety under Vehumet
  3722 | D:5      | Offered knowledge of Magic Dart by Vehumet.
  3725 | D:5      | Learned a level 1 spell: Magic Dart
  3859 | D:5      | Reached skill level 1 in Conjurations
  4274 | D:6      | Found a runed translucent door.
  4275 | D:6      | Noticed Crazy Yiuf
  4283 | D:6      | Killed Crazy Yiuf
  4284 | D:6      | Reached skill level 1 in Spellcasting
  4394 | D:6      | HP: 2/47 [orc/+0 trident (5)]
  4609 | D:6      | Reached skill level 7 in Fighting
  4609 | D:6      | Reached XP level 8. HP: 30/53 MP: 9/11
  5324 | D:6      | HP: 1/53 [orc warrior/+0 battleaxe (4)]
  6172 | D:6      | Gained mutation: You expend magic power (3 MP) to
                  | strengthen your wands. [potion of mutation]
  6172 | D:6      | Gained mutation: You possess an exceptional clarity of
                  | mind. [potion of mutation]
  6172 | D:6      | Gained mutation: You have hidden genetic potential. [potion
                  | of mutation]
  6172 | D:6      | Gained mutation: You are partially covered in iridescent
                  | scales. (AC +2) [potion of mutation]
  6377 | D:7      | Noticed Maurice
  6392 | D:7      | Something stole a +4 quarterstaff of chaos
  6395 | D:7      | Something stole 301 gold
  6726 | D:7      | Reached skill level 8 in Fighting
  6788 | D:7      | Reached ** piety under Vehumet
  6846 | D:7      | Something stole 32 gold
  7095 | D:7      | Offered knowledge of Sandblast by Vehumet.
  7129 | D:7      | Reached XP level 9. HP: 59/59 MP: 13/13
  7134 | D:7      | Something stole a ring of willpower
  7136 | D:7      | Something stole 23 gold
  7156 | D:7      | Killed from afar by Maurice

Illustrated notes

Levels and vault maps discovered:
D:1:      co_arrival_hexagon_in_a_hexagon, layout_loops_ring,
          ebering_ecumenical_altar_box, item_on_display_a
D:2:      minmay_general_purpose_star, layout_loops_ring,
          minmay_misc_feat_hallway
D:3:      layout_rooms, gammafunk_temple_overflow_statue, minmay_misc_feat_rows,
          hangedman_decor_points, uniq_robin
D:4:      layout_gridville, minmay_temple_entry_slanted, minmay_shop_grid_forest
D:5:      minmay_skewed_foursquare, layout_basic
D:6:      layout_loops_cross, minmay_holes, uniq_crazy_yiuf_cottage
D:7:      layout_gridville, minmay_liquid_box, uniq_maurice
Temple:   nicolae_temple_bog_church

Skill      XL: |  1  2  3  4  5  6  7  8 |
---------------+-------------------------+-----
Maces & Flails | 3 4 5 6 |  6.0
Fighting       | 4 5 7 8 |  8.3
Conjurations   | 2 4 |  4.9
Spellcasting   | 2 3 |  3.1
Armour         | |  3.6
Shields        | |  3.6

Action                     |  1- 3 |  4- 6 |  7- 9 || total
---------------------------+-------+-------+-------++-------
  Melee: Flail             |    91 |       |       ||    91
         Morningstar       |       |   181 |   280 ||   461
   Cast: Magic Dart        |       |       |     6 ||     6
    Use: Scroll            |       |     4 |     6 ||    10
         Potion            |       |       |    11 ||    11
 Armour: Scale mail        |    68 |    23 |       ||    91
         Ring mail         |       |   106 |   373 ||   479
  Dodge: Dodged            |    53 |    99 |   199 ||   351
  Block: Buckler           |    19 |    43 |    95 ||   157
